cohdb
Replays
Latest Replays
All Replays
Popular Replays
Top Player Replays
Match Explorer
How It Works
Community
CoH3 Stats
Reddit
Sign in to upload your games and track your stats! →
Sign in with Steam
Match 37284921
Unlisted
Match 37284921
Overview
Messages
Build Orders
End
Selects Italian Combined Arms Battlegroup
Selects Bersaglieri Squad
Bersaglieri Squad
Kradschützen Motorcycle Team
Bersaglieri Squad
Bersaglieri Squad
Construct Light Support Kompanie
Selects Bersaglieri Bolster
Fire Support Elements
Flakvierling Half-track
Assault Mechanized Group
Vehicle Survival Package
Construct Panzerarmee Kommand
Selects Breda Model 30 Light Machine Guns
Panzerpioneer Squad
Selects Semovente da 75/18 Assault Gun
Panzer III L Medium Tank
Panzer III L Medium Tank
Selects Strafing Run
Selects Artillery Cover
Artillery Cover
Strafing Run
Panzer III L Medium Tank
Panzer III L Medium Tank
2.5-tonne Medical Truck
Panzer III L Medium Tank
Artillery Cover
Dave
jdnebel
0
0
Comments
sign in to comment!
No comments posted yet!